 Dungeon Crawl Stone Soup version 0.27-a0-262-gc50aac273e (webtiles) character file.

Game seed: 15739623372404163097

66 Borgoz the Slasher (level 4, -9/37 HPs)
             Began as a Ghoul Gladiator on Feb 5, 2021.
             Mangled by a wyvern (10 damage)
             ... on level 3 of the Dungeon.
             The game lasted 00:01:40 (2017 turns).

Borgoz the Slasher (Ghoul Gladiator)                Turns: 2017, Time: 00:01:40

Health: -9/37      AC:  4    Str: 17    XL:     4   Next: 15%
Magic:  3/3        EV: 12    Int:  3    God:
Gold:   150        SH:  0    Dex: 11    Spells: 3/3 levels left

rFire    . . .     SeeInvis .   b - +1 dagger (speed)
rCold    + . .     Faith    .   (no shield)
rNeg     + + +     Spirit   .   i - +0 leather armour
rPois    ∞         Reflect  .   c - +0 helmet
rElec    .         Harm     .   (no cloak)
rCorr    .         Rampage  .   (no gloves)
Will     .....                  (no boots)
Stlth    +.........             (no amulet)
HPRegen  0.00/turn              (no ring)
MPRegen  0.08/turn              (no ring)

@: no status effects
A: claws 1, cold resistance 1, negative energy resistance 3, inhibited
regeneration, torment resistance, unbreathing
a: no special abilities


You were on level 3 of the Dungeon.
You visited 1 branch of the dungeon, and saw 3 of its levels.

You collected 150 gold pieces.

Inventory:

Hand Weapons
 a - a +0 long sword
 b - a +1 dagger of speed (weapon)
Missiles
 d - 2 throwing nets (quivered)
Armour
 c - a +0 helmet (worn)
 i - a +0 leather armour (worn)
Scrolls
 l - 3 scrolls of identify {unknown}
 n - a scroll of enchant weapon {unknown}
 o - 2 scrolls of remove curse {unknown}
 q - a scroll of teleportation {unknown}
 r - 3 scrolls of enchant armour {unknown}
Potions
 e - a potion of brilliance {unknown}
 f - a potion of invisibility {unknown}
 g - a potion of attraction {unknown}
 h - a potion of mutation {unknown}
 j - a potion of haste {unknown}
 k - a potion of berserk rage {unknown}
 m - a potion of curing {unknown}
 p - a potion of might {unknown}


   Skills:
 + Level 2.8 Fighting
 * Level 3.5 Long Blades
 - Level 1.7 Throwing
 + Level 1.1 Armour
 + Level 3.1 Dodging


You had 3 spell levels left.
You didn't know any spells.
Your spell library was empty.

Dungeon Overview and Level Annotations

Branches:
Dungeon (3/15)

Altars:
Fedhas


Innate Abilities, Weirdness & Mutations

You thrive by killing the living.
You are immune to poison.
You have sharp fingernails.
Your flesh is cold resistant. (rC+)
You are immune to negative energy. (rN+++)
You do not regenerate when monsters are visible.
You are immune to unholy pain and torment.
You can survive without breathing.


Message History

You hit the orc.
The orc is heavily wounded.
You closely miss the orc.
The orc is heavily wounded.
The orc closely misses you.
You hit the orc.
You kill the orc!
You hit the wyvern but do no damage. The wyvern bites you.
You barely miss the wyvern. The wyvern bites you!
You closely miss the wyvern. The wyvern bites you!!
* * * LOW HITPOINT WARNING * * *
Throw: 3 throwing nets
Press: ? - help, Q - select action Shift-Dir - straight line, f - wyvern
Aim: a wyvern (56% to hit)
You throw a throwing net.
The throwing net closely misses the wyvern.
The wyvern bites you.
* * * LOW HITPOINT WARNING * * *
The wyvern bites you!
You die...

#########
#.......#
#..!....# #
##.....)<####...#
#........@l.....(
≈...≈..(.##......
≈≈.≈≈....# .....
≈≈_≈.....# ....
.≈≈≈≈.#### ..#
≈≈.... .# ##....
# ####.


You could see a wyvern.

Vanquished Creatures
  An adder (D:2)
  A dart slug (D:1)
  A leopard gecko (D:2)
  4 orcs (D:3)
  5 bats
  3 giant cockroaches
  7 goblins
  4 hobgoblins
  2 jackals (D:1)
  A quokka (D:2)
  A ball python (D:2)
  3 frilled lizards
  11 kobolds
  3 rats
47 creatures vanquished.

Notes
Turn   | Place    | Note
-------+----------+-------------------------------------------
     0 | D:1      | Borgoz the Ghoul Gladiator began the quest for the Orb.
     0 | D:1      | Reached XP level 1. HP: 17/17 MP: 0/0
    91 | D:1      | Reached XP level 2. HP: 24/25 MP: 1/1
   603 | D:1      | Reached XP level 3. HP: 30/30 MP: 2/2
  1386 | D:2      | Reached skill level 1 in Armour
  1452 | D:2      | Found a faded altar of an unknown god.
  1801 | D:2      | Reached XP level 4. HP: 37/37 MP: 3/3
  1993 | D:3      | Found a blossoming altar of Fedhas.
  2000 | D:3      | Noticed a wyvern
  2017 | D:3      | HP: 1/37 [wyvern (5)]
  2017 | D:3      | Mangled by a wyvern

Illustrated notes

Levels and vault maps discovered:
D:1:      grunt_arrival_crossed_arrows, layout_loops_ring, serial_forest,
          infiniplex_forest_end_double, infiniplex_forest_straight_4,
          infiniplex_forest_lined_2, infiniplex_forest_lined_1,
          infiniplex_forest_clump_tiny, infiniplex_forest_lined_corner,
          infiniplex_forest_join
D:2:      minmay_door_path, layout_basic, chequers_ecumenical_altar_simple_redux
D:3:      layout_loops_ring, fedhas_altar_2, minivault_5,
          grunt_decor_one_mirror, lemuel_tele_altar, uniq_ijyb, uniq_terence,
          uniq_robin

Skill      XL: |  1  2  3 |
---------------+----------+-----
Long Blades    | 3 |  3.5
Dodging        | 3 |  3.1
Armour         | 1 |  1.1
Fighting       | |  2.8
Throwing       | |  1.7

Action                   |  1- 3 |  4- 6 || total
-------------------------+-------+-------++-------
Melee: Long sword        |    32 |       ||    32
       Dagger            |   110 |    21 ||   131
Throw: Throwing net      |       |     1 ||     1
Armor: Leather armour    |    39 |       ||    39
Dodge: Dodged            |    89 |     9 ||    98
       Rpst.: Long sword |    15 |       ||    15

Table legend: (Time is in decaauts)
 A = Elapsed time spent in this place.
 B = Non-inter-level travel time spent in this place.
 C = Inter-level travel time spent in this place.
 D = Time resting spent in this place.
 E = Time spent auto-exploring this place.
 F = Levels seen in this place.
 G = Mean time per level.
                   A        B        C        D        E       F      G
               +--------+--------+--------+--------+--------+-----+--------+
         Total |   1972 |   1905 |     67 |    209 |   1423 |   3 |  657.3 |
       Dungeon |   1972 |   1905 |     67 |    209 |   1423 |   3 |  657.3 |
               +--------+--------+--------+--------+--------+-----+--------+

Top non-repeatable levels by time:
     D:1: 1097 daAuts
     D:2: 859 daAuts
     D:3: 16 daAuts
